 Dungeon Crawl Stone Soup version 0.20.1-1-g8b1a95d (webtiles) character file.

32 straycat the Skirmisher (level 3, -2/31 HPs)
             Began as a Vampire Wanderer on Dec 29, 2017.
             Slain by a quokka (4 damage)
             ... on level 2 of the Dungeon.
             The game lasted 00:05:35 (1490 turns).

straycat the Skirmisher (Vampire Wanderer)          Turns: 1490, Time: 00:05:36

Health: -2/31      AC:  3    Str: 11    XL:     3   Next: 8%
Magic:  3/3        EV: 11    Int: 13    God:
Gold:   63         SH:  4    Dex: 15    Spells: 2/2 levels left

rFire    . . .     SeeInvis +   e - +0 dagger
rCold    + . .     Gourm    .   n - +0 buckler
rNeg     + + .     Faith    .   d - +0 robe
rPois    +         Spirit   .   k - +0 helmet
rElec    .         Reflect  .   (no cloak)
rCorr    .         Harm     .   (no gloves)
MR       .....                  (no boots)
Stlth    +++.......             (no amulet)
Regen    0.1/turn               (no ring)
MPRegen  0.1/turn               (no ring)

@: regenerating slowly
A: fangs 3, see invisible, unbreathing
a: Bat Form


You were on level 2 of the Dungeon.
You were thirsty.

You visited 1 branch of the dungeon, and saw 2 of its levels.

You collected 63 gold pieces.

Inventory:

Hand Weapons
 e - a +0 dagger (weapon)
Missiles
 g - 19 bolts
Armour
 d - a +0 robe (worn)
 k - a +0 helmet (worn)
 n - a +0 buckler (worn)
Scrolls
 b - 2 scrolls of teleportation
 h - a scroll of noise {unknown}
 i - 2 scrolls of identify {unknown}
 l - 2 scrolls of recharging {unknown}
 m - a scroll of fear {unknown}
Potions
 a - a potion of haste
 c - a potion of lignification
 f - 11 potions of blood
 j - a potion of curing {unknown}
 o - a potion of mutation {unknown}


   Skills:
 - Level 4.5 Fighting
 - Level 1.8 Short Blades
 - Level 1.5 Dodging
 - Level 2.4 Stealth
 + Level 1.0 Shields
 - Level 2.1 Unarmed Combat
   Level 1.0 Evocations


You had 2 spell levels left.
You didn't know any spells.

Dungeon Overview and Level Annotations

Branches:
Dungeon (2/15)

Altars:
Okawaru


Innate Abilities, Weirdness & Mutations

You heal slowly.
You have razor-sharp teeth.
You have supernaturally acute eyesight. (SInv)
You can survive without breathing.


Message History

The quokka misses you.
You hit the quokka but do no damage. You bite the quokka, but do no damage.
The quokka bites you.
* * * LOW HITPOINT WARNING * * *
You hit the quokka.
The quokka is heavily wounded.
The quokka closely misses you.
You hit the quokka.
The quokka is almost dead.
The quokka bites you but does no damage.
The quokka bites you.
* * * LOW HITPOINT WARNING * * *
You hit the quokka but do no damage.
The quokka is almost dead.
The quokka bites you.
* * * LOW HITPOINT WARNING * * *
You hit the quokka but do no damage. You bite the quokka, but do no damage.
The quokka is almost dead.
The quokka bites you.
You die...

#.#........## #
._..#....... .#
##.#........ ..#
#.......$<. ..###
#....##...###......
#..††+.............
#....##...###......
#....###.r# ...!.
#.)%.###.@## ....
###........# ...
#........# ..
#........# #
#........#
#........#
#........#
#........#########
#................#


You could see a quokka.

Vanquished Creatures
  An ooze (D:1)
  2 dart slugs
  A leopard gecko (D:2)
  A giant cockroach (D:2)
  4 goblins (D:1)
  5 hobgoblins
  2 bats (D:1)
  A frilled lizard (D:2)
  2 kobolds (D:1)
  3 rats
22 creatures vanquished.

Notes
Turn   | Place    | Note
-------+----------+-------------------------------------------
     0 | D:1      | straycat the Vampire Wanderer began the quest for the Orb.
     0 | D:1      | straycat set off with: 2 potions of haste, a scroll of teleportation, a potion of lignification, a +0 robe, a +0 dagger, a potion of blood
     0 | D:1      | Reached XP level 1. HP: 20/20 MP: 1/1
   488 | D:1      | Reached skill level 1 in Short Blades
   524 | D:1      | Reached XP level 2. HP: 6/26 MP: 2/2
  1435 | D:2      | Found an iron altar of Okawaru.
  1447 | D:2      | Reached skill level 1 in Shields
  1447 | D:2      | Reached XP level 3. HP: 17/31 MP: 3/3
  1490 | D:2      | Slain by a quokka

Skill      XL: |  1  2 |
---------------+-------+-----
Short Blades   | 1 |  1.8
Stealth        | 2 |  2.4
Shields        | 1 |  1.0
Fighting       | |  4.5
Dodging        | |  1.5
Unarmed Combat | |  2.1
Evocations     | |  1.0

Action                   || total
-------------------------++-------
Melee: Unarmed           ||    26
       Dagger            ||   101
       Bite              ||     5
  Use: Potion            ||     1
 Stab: Sleeping          ||     4
  Eat: Corpse            ||     1
Armor: Robe              ||    28
Dodge: Dodged            ||    71
Block: Buckler           ||     5
